Map: Taito Citadel LE

Players

NetMecH - Winner!

  • Race: Terran Terran
  • League: Grandmaster
  • Spawn Location: 11:00

onetwo

  • Race: Zerg Zerg
  • League: Master
  • Spawn Location: 5:00

VOD

Have the link to the VOD?

Description

Time

  • Played on: April 18, 2026, 12:13 a.m.
  • Length: 20:39
Show
View Real Time Build Order
Export as new Build Order

NetMecH Terran - Winner!

Build Orders: 2 Factory, Command Center First, Mech 

Get SALT Encoding   

  12  0:00  SCV  
  13  0:12  SCV  
  14  0:17  Supply Depot  
  14  0:24  SCV  
  15  0:38  SCV  
  16  0:51  SCV  
  17  1:02  Command Center  
  17  1:03  SCV  
  18  1:15  SCV  
  18  1:16  Refinery  
  19  1:23  Barracks  
  19  1:27  SCV  
  19  1:31  Refinery  
  20  1:39  SCV  
  21  1:40  Supply Depot  
  21  1:51  SCV  
  22  2:09  Orbital Command  
  22  2:14  Orbital Command  
  22  2:21  Factory  
  22  2:33  Factory  
  22  2:35  SCV  
  23  2:40  SCV  
  24  2:47  SCV  
  25  2:52  SCV  
  25  2:56  Factory  
  26  2:59  SCV  
  26  3:04  SCV  
  26  3:05  Hellion  
  30  3:11  SCV  
  31  3:13  Starport  
  31  3:16  SCV  
  31  3:17  Hellion  
  34  3:22  Supply Depot  
  34  3:23  SCV  
  37  3:27  Hellion  
  37  3:30  SCV  
  38  3:35  SCV  
  38  3:38  Hellion  
  38  3:41  Hellion  
  43  3:42  SCV  
  44  3:49  SCV, Armory  
  44  3:54  Medivac  
  47  3:56  SCV  
  47  4:00  Hellion  
  50  4:04  Orbital Command  
  50  4:05  SCV  
  50  4:07  Supply Depot, Factory Tech Lab  
  51  4:12  Hellion  
  53  4:17  SCV  
  53  4:20  Supply Depot  
  54  4:27  Supply Depot  
  54  4:30  SCV, Siege Tank  
  58  4:32  SCV  
  59  4:42  Hellion, SCV  
  59  4:44  SCV  
  63  4:49  Supply Depot  
  63  4:52  Factory Tech Lab  
  63  4:54  SCV  
  63  4:56  SCV  
  65  5:02  Hellion  
  65  5:06  SCV  
  68  5:07  Hellion  
  68  5:08  SCV  
  68  5:12  Hellion  
  73  5:18  SCV  
  73  5:20  Supply Depot, SCV  
  67  5:24  Hellion  
  63  5:30  SCV  
  63  5:32  SCV, Refinery  
  63  5:34  Refinery  
  63  5:35  Command Center  
  70  5:36  Factory Tech Lab  
  70  5:42  SCV  
  69  5:44  SCV  
  70  5:50  Command Center  
  70  5:53  Infernal Pre-Igniter  
  70  5:54  SCV  
  70  5:56  SCV  
  69  5:57  Siege Tank, Hellion  
  69  5:58  Hellion  
  76  6:05  Terran Vehicle Weapons Level 1  
  76  6:06  Engineering Bay, SCV  
  76  6:08  Armory  
  76  6:09  SCV  
  78  6:18  Thor, SCV  
  78  6:21  SCV  
  78  6:23  Siege Tank  
  78  6:24  Starport Tech Lab  
  89  6:29  Supply Depot  
  89  6:30  Supply Depot, SCV  
  90  6:33  SCV  
  91  6:41  Missile Turret  
  91  6:43  SCV  
  91  6:44  Missile Turret x2  
  91  6:47  Orbital Command  
  92  6:50  SCV  
  93  6:56  Thor  
  93  6:57  Missile Turret  
  93  6:58  SCV  
  100  7:03  Terran Vehicle And Ship Armor Level 1, Supply Depot  
  100  7:05  SCV  
  101  7:10  Hellion  
  101  7:14  Hellion  
  105  7:22  Planetary Fortress  
  105  7:23  Refinery  
  105  7:24  SCV x3  
  105  7:27  Refinery  
  108  7:30  Thor  
  108  7:36  Hellion, SCV, Neosteel Armor  
  117  7:42  SCV  
  118  7:44  Missile Turret  
  118  7:46  Thor  
  118  7:48  Missile Turret  
  118  7:49  SCV x2  
  126  7:59  SCV  
  126  8:00  Supply Depot  
  126  8:05  Hellion, Command Center  
  129  8:13  Factory  
  129  8:17  Thor  
  129  8:19  SCV  
  136  8:22  Factory  
  136  8:24  Orbital Command  
  136  8:26  Siege Tank  
  139  8:29  Missile Turret  
  139  8:30  Supply Depot  
  139  8:31  Supply Depot, SCV, Terran Vehicle Weapons Level 2  
  140  8:38  SCV  
  140  8:40  Hellion  
  143  8:42  Command Center  
  143  8:50  SCV  
  143  8:54  Supply Depot  
  144  8:57  Refinery  
  144  8:58  Siege Tank  
  144  8:59  Refinery, SCV  
  144  9:01  Hellion, Thor  
  155  9:08  Missile Turret  
  155  9:10  Missile Turret  
  155  9:12  Missile Turret  
  155  9:13  Missile Turret  
  155  9:15  Missile Turret  
  155  9:18  Terran Vehicle And Ship Armor Level 2  
  155  9:21  Factory Tech Lab, Factory Reactor  
  155  9:22  Thor  
  161  9:30  Hellion  
  161  9:31  Missile Turret, SCV  
  163  9:37  Command Center  
  164  9:39  Siege Tank  
  164  9:44  Supply Depot, Hellion  
  169  9:45  Missile Turret  
  169  9:51  Siege Tank  
  170  9:59  Sensor Tower  
  170  10:04  Hellion  
  170  10:05  Siege Tank x2  
  170  10:06  Planetary Fortress  
  178  10:11  Hellion  
  180  10:15  Missile Turret  
  180  10:17  Refinery  
  180  10:18  Hellion  
  180  10:19  Refinery, Raven  
  182  10:23  Siege Tank  
  159  10:31  Hellion  
  159  10:32  Thor  
  158  10:37  Thor  
  158  10:38  Hellion  
  158  10:42  Hellion  
  168  10:43  Orbital Command  
  168  10:52  Hellion  
  168  10:53  Orbital Command  
  168  10:55  Thor  
  176  10:58  Factory  
  176  10:59  Thor  
  182  11:05  Hellion  
  184  11:14  Hellion  
  184  11:15  Thor  
  192  11:19  Thor  
  192  11:23  Smart Servos  
  192  11:24  Sensor Tower  
  198  11:26  Hellion  
  200  11:47  Factory Tech Lab  
  200  11:52  Missile Turret  
  200  11:53  Missile Turret  
  200  12:08  Hi-Sec Auto Tracking  
  200  12:10  Terran Vehicle Weapons Level 3, Terran Vehicle And Ship Armor Level 3  
  200  12:28  Command Center  
  199  12:43  Thor  
  184  12:44  Siege Tank x2, Thor, Hellion x2  
  184  12:45  Thor  
  195  12:54  Raven  
  197  13:06  Hellion  
  197  13:07  Factory  
  199  13:14  Command Center  
  198  13:33  Hellion  
  200  13:37  Missile Turret  
  200  13:51  Thor x2, Siege Tank  
  200  13:52  Siege Tank  
  200  13:53  Hellion, Thor  
  192  14:00  Hellion  
  176  14:13  Factory Tech Lab  
  176  14:14  Hellion  
  176  14:18  Command Center  
  176  14:23  Siege Tank  
  179  14:24  Siege Tank  
  179  14:25  Hellion  
  182  14:32  Siege Tank  
  182  14:33  Thor  
  182  14:34  Siege Tank  
  182  14:35  Hellion  
  182  14:36  Siege Tank  
  199  14:53  Refinery  
  199  14:55  Refinery  
  199  15:03  Planetary Fortress  
  196  15:16  Hellion  
  198  15:22  Missile Turret  
  198  15:25  Missile Turret  
  198  15:29  Missile Turret  
  198  15:31  Missile Turret  
  198  15:36  Hellion  
  198  15:39  Hellion  
  198  15:42  Missile Turret  
  200  15:43  Missile Turret  
  183  16:04  Siege Tank, Thor  
  183  16:05  Hellion  
  183  16:07  Thor  
  183  16:08  Siege Tank x2  
  184  16:13  Thor  
  184  16:14  Raven  
  192  16:23  Factory  
  192  16:26  Hellion  
  192  16:28  Command Center  
  192  16:31  Orbital Command  
  194  16:36  Siege Tank, Terran Ship Weapons Level 1  
  197  16:46  Siege Tank  
  200  16:57  Command Center  
  200  17:03  Thor  
  200  17:04  Thor  
  200  17:05  Raven, Hellion x2, Thor  
  187  17:10  Thor  
  187  17:11  Siege Tank  
  187  17:13  Hellion  
  170  17:17  Thor  
  167  17:27  Hellion x2  
  155  17:39  Raven  
  155  17:42  Thor  
  163  17:46  Thor, SCV  
  163  17:47  Siege Tank, Factory Tech Lab  
  163  17:48  Thor, Hellion  
  179  17:52  Thor  
  185  18:00  Thor  
  185  18:02  Hellion  
  193  18:13  Banshee  
  193  18:14  Hellion  
  198  18:20  Hellion  
  198  18:21  Planetary Fortress  
  198  18:23  SCV  
  198  18:28  Hellion, Siege Tank  
  200  18:40  Refinery  
  200  18:42  Refinery  
  200  19:04  Missile Turret  
  200  19:30  Planetary Fortress  
  200  19:57  Refinery  
  200  19:59  Refinery  
  188  20:02  Hellion  
  188  20:06  Medivac  
  185  20:07  Siege Tank, Hellion  
  147  20:21  Starport  
  147  20:23  Missile Turret  
Show
View Real Time Build Order
Export as new Build Order

onetwo Zerg 

Build Orders: Hatch First 

Get SALT Encoding   

  12  0:00  Drone  
  13  0:07  Drone  
  13  0:14  Extractor  
  13  0:15  Drone  
  15  0:21  Overlord  
  15  0:40  Drone  
  16  0:46  Hatchery  
  16  0:49  Drone  
  16  0:53  Drone  
  16  0:57  Drone  
  18  1:07  Extractor  
  17  1:11  Spawning Pool  
  17  1:15  Drone  
  17  1:19  Drone  
  18  1:29  Drone  
  19  1:38  Drone  
  20  1:48  Drone  
  21  1:58  Queen x2  
  21  1:59  Zergling x4  
  27  2:09  Overlord  
  27  2:12  Drone  
  28  2:22  Spine Crawler  
  27  2:23  Zergling x2  
  27  2:27  Metabolic Boost  
  28  2:34  Hatchery  
  28  2:46  Drone x2, Queen  
  28  2:51  Overlord  
  32  2:53  Drone  
  32  2:57  Drone  
  32  2:58  Drone  
  35  3:02  Drone  
  35  3:05  Overlord  
  36  3:13  Drone x2  
  36  3:15  Drone x2  
  40  3:21  Drone  
  40  3:24  Queen  
  43  3:28  Zergling x2  
  44  3:38  Zergling x4  
  46  3:47  Queen  
  47  3:51  Drone x3  
  47  3:52  Drone x2  
  47  3:55  Spore Crawler  
  51  3:57  Spore Crawler, Overlord x2  
  51  4:01  Drone  
  51  4:12  Roach Warren  
  51  4:13  Extractor, Evolution Chamber  
  51  4:15  Drone  
  51  4:16  Drone x2  
  53  4:23  Drone  
  54  4:24  Overlord  
  54  4:25  Queen  
  54  4:31  Drone, Queen  
  57  4:33  Overlord  
  57  4:36  Zergling x4  
  61  4:39  Spine Crawler  
  62  4:53  Roach x3  
  62  4:54  Roach x2  
  62  4:55  Roach  
  72  5:01  Zergling x8  
  76  5:09  Queen  
  73  5:22  Drone x2  
  73  5:23  Drone  
  73  5:24  Drone x4  
  80  5:33  Queen  
  80  5:35  Drone  
  83  5:39  Lair  
  83  5:41  Zerg Ground Armor Level 1  
  83  5:44  Drone x6  
  89  5:53  Overlord x3  
  89  5:56  Extractor  
  88  6:07  Overlord  
  88  6:08  Overlord  
  88  6:12  Drone  
  88  6:13  Drone x4  
  88  6:14  Drone  
  88  6:15  Drone  
  95  6:21  Drone x2  
  95  6:22  Drone x2  
  95  6:23  Extractor  
  98  6:26  Extractor  
  97  6:36  Drone x2  
  97  6:37  Drone x2  
  97  6:39  Overlord  
  101  6:40  Hatchery, Spire, Drone x2  
  101  6:42  Extractor  
  101  6:45  Drone  
  101  6:47  Baneling Nest, Evolution Chamber  
  101  6:50  Drone x5  
  101  6:52  Zergling x8  
  108  6:58  Overseer  
  108  7:11  Overlord x3  
  108  7:13  Zerg Melee Weapons Level 1  
  108  7:14  Zergling x14  
  114  7:23  Drone x2  
  116  7:30  Hatchery  
  116  7:31  Centrifugal Hooks  
  116  7:35  Drone x8  
  123  7:43  Overseer  
  123  7:46  Zerg Flyer Weapons Level 1  
  123  7:48  Overlord x3  
  123  7:49  Mutalisk x3  
  123  7:50  Extractor  
  123  7:51  Overseer  
  128  7:53  Queen  
  128  7:54  Mutalisk x2  
  134  7:59  Extractor  
  134  8:03  Mutalisk x4  
  141  8:08  Drone  
  141  8:11  Mutalisk x2  
  147  8:12  Drone  
  147  8:13  Drone x3  
  147  8:16  Mutalisk  
  152  8:23  Zergling x2  
  152  8:24  Zergling x8  
  156  8:46  Zerg Ground Armor Level 2  
  156  8:47  Infestation Pit  
  156  8:48  Mutalisk x4  
  154  8:53  Zergling x28  
  154  8:55  Corruptor  
  176  9:08  Drone  
  177  9:10  Extractor  
  177  9:11  Zerg Melee Weapons Level 2  
  177  9:14  Overlord x4  
  177  9:15  Mutalisk x3  
  182  9:31  Hive  
  182  9:33  Baneling  
  182  9:34  Baneling x13  
  182  9:40  Hatchery  
  182  9:45  Baneling x9  
  181  9:46  Baneling, Zergling x22  
  181  9:47  Zergling x2  
  189  9:56  Baneling x9  
  189  9:57  Zergling x16  
  197  10:08  Drone x3  
  195  10:27  Zergling x26  
  126  10:37  Zergling x22  
  133  10:47  Zergling x6  
  133  10:48  Baneling x14  
  133  10:49  Baneling x6  
  136  10:52  Ultralisk Cavern  
  135  10:58  Drone x4  
  135  10:59  Drone  
  140  11:07  Zerg Ground Armor Level 3  
  140  11:08  Viper x3  
  149  11:14  Extractor, Drone x4  
  152  11:26  Hydralisk Den  
  151  11:37  Extractor, Hatchery  
  149  11:40  Chitinous Plating  
  149  11:42  Ultralisk x2  
  149  11:45  Zergling x6  
  149  11:46  Zergling x10  
  169  11:51  Ultralisk  
  175  11:55  Burrow  
  175  11:58  Muscular Augments  
  175  12:01  Zerg Melee Weapons Level 3  
  175  12:04  Overseer  
  175  12:13  Ultralisk  
  181  12:16  Drone x6  
  181  12:17  Hydralisk  
  181  12:18  Hydralisk x2  
  191  12:41  Ultralisk x2  
  149  12:52  Zergling x26  
  149  12:53  Zergling x2  
  149  12:58  Ultralisk  
  157  13:06  Ultralisk x2  
  157  13:11  Baneling x2  
  157  13:12  Baneling x11  
  169  13:16  Zergling x10  
  174  13:21  Hatchery  
  173  13:29  Ultralisk  
  179  13:36  Zergling x14  
  149  13:58  Hydralisk  
  149  13:59  Hydralisk x8  
  159  14:08  Drone x6  
  165  14:15  Hatchery  
  165  14:16  Zerg Missile Weapons Level 1, Grooved Spines  
  157  14:29  Hydralisk x8  
  167  14:36  Viper x3  
  176  14:45  Drone x3  
  178  14:46  Drone  
  178  14:52  Viper  
  183  15:05  Ultralisk x2  
  183  15:06  Overlord x2  
  195  15:10  Zergling x6  
  190  15:39  Hydralisk x5  
  199  15:47  Hatchery  
  172  16:08  Ultralisk x5  
  166  16:15  Zergling x32  
  159  16:27  Ultralisk  
  159  16:31  Zergling x10  
  170  16:38  Queen  
  170  16:39  Ultralisk  
  178  16:46  Hydralisk x3  
  184  16:55  Zergling x26  
  160  17:12  Zergling x14  
  139  17:16  Zergling x2  
  139  17:17  Zergling x4  
  123  17:23  Zergling x22  
  122  17:32  Hydralisk  
  122  17:33  Hydralisk x3  
  122  17:36  Hydralisk  
  121  17:46  Extractor  
  121  17:47  Extractor  
  119  17:54  Neural Parasite  
  119  17:55  Infestor  
  119  17:56  Infestor x3  
  127  18:01  Hatchery  
  127  18:04  Drone  
  127  18:05  Drone x5  
  126  18:22  Extractor x2  
  126  18:24  Zergling x6  
  126  18:26  Ultralisk x2, Hatchery  
  137  18:36  Infestor  
  139  18:51  Ultralisk x2  
  139  18:52  Zergling x38  
  170  18:56  Baneling x3  
  170  18:57  Baneling  
  170  18:59  Baneling  
  170  19:00  Baneling  
  170  19:02  Baneling  
  170  19:03  Baneling  
  176  19:25  Overseer  
  174  19:33  Baneling x10  
  173  19:39  Zergling x24  
  144  20:03  Zergling x2  
  144  20:04  Zergling x16  
  144  20:06  Hatchery  
  131  20:28  Extractor  
  130  20:29  Extractor  
Tags
 
Add a new tag
Caveats
  • Supply blocks, unpowered buildings, or Contaminate may cause inaccurate times.
  • Supply counts are checked every 10 seconds.